 Dungeon Crawl Stone Soup version 0.29.1-12-g30fa7ad0bf (webtiles) character file.

Game seed: 3949513814369537184

989 bnorton916 the Magician (level 7, -9/36 HPs)
             Began as a Deep Elf Fire Elementalist on Jan 4, 2023.
             Was an Initiate of Vehumet.
             Mangled by a two-headed ogre
             ... wielding a +0 giant club
              (25 damage)
             ... on level 5 of the Dungeon.
             The game lasted 00:08:01 (7247 turns).

bnorton916 the Magician (DEFE)                      Turns: 7247, Time: 00:08:02

Health: -9/36      AC: 10    Str:  5    XL:     7   Next: 98%
Magic:  13/18      EV: 13    Int: 22    God:    Vehumet [......]
Gold:   368        SH:  0    Dex: 21    Spells: 3/18 levels left

rFire   . . .      SeeInvis .   (no weapon)
rCold   . . .      Faith    .   (no shield)
rNeg    . . .      Spirit   .   a - +0 robe
rPois   .          Reflect  .   j - +0 helmet
rElec   .          Harm     .   i - +2 cloak
rCorr   .          Rampage  .   (no gloves)
Will    .....                   (no boots)
Stlth   ++........              p - amulet of the acrobat
HPRegen 0.12/turn               k - +6 ring of dexterity
MPRegen 0.16/turn               y - +4 ring of protection

@: no status effects
A: no striking features
a: Renounce Religion


You were on level 5 of the Dungeon.
You worshipped Vehumet.
Vehumet was noncommittal.
You visited 2 branches of the dungeon, and saw 6 of its levels.

You collected 368 gold pieces.

Inventory:

Hand Weapons
 w - a +1 hand axe of flaming
Missiles
 n - 10 poisoned darts
Armour
 a - a +0 robe (worn)
 i - a +2 cloak (worn)
 j - a +0 helmet (worn)
Jewellery
 k - a +6 ring of dexterity (left hand)
 o - a ring of see invisible
 p - an amulet of the acrobat (around neck)
 y - a +4 ring of protection (right hand)
 A - a ring of resist corrosion
 D - a +6 ring of dexterity
Scrolls
 c - a scroll of immolation
 d - a scroll of blinking {unknown}
 e - 4 scrolls of noise {unknown}
 g - 2 scrolls of fear
 h - a scroll of butterflies
 l - a scroll of amnesia {unknown}
 m - a scroll of magic mapping {unknown}
 u - 2 scrolls of vulnerability
 x - a scroll of poison {unknown}
 B - a scroll of brand weapon {unknown}
 F - a scroll of torment {unknown}
 G - a scroll of silence {unknown}
Potions
 b - 2 potions of magic
 f - 2 potions of mutation
 q - a potion of invisibility {unknown}
 r - 2 potions of heal wounds
 s - a potion of curing {unknown}
 t - 2 potions of berserk rage {unknown}
 v - a potion of flight {unknown}
 z - a potion of ambrosia
 C - a potion of cancellation {unknown}
 E - a potion of resistance {unknown}


   Skills:
 - Level 2.4 Dodging
 - Level 2.4 Stealth
 - Level 6.3 Spellcasting
 + Level 5.9 Conjurations
 - Level 5.7 Fire Magic
 + Level 2.9 Earth Magic
 - Level 3.0 Poison Magic


You had 3 spell levels left.
You knew the following spells:

 Your Spells              Type           Power      Damage    Failure   Level
a - Foxfire               Conj/Fire      100%       2x1d9     1%          1
b - Scorch                Fire           64%        2d8       1%          2
c - Poisonous Vapours     Pois/Air       26%        N/A       7%          2
d - Flame Wave            Conj/Fire      32%        2d9       8%          4
e - Conjure Flame         Conj/Fire      32%        6-21      2%          3
f - Stone Arrow           Conj/Erth      52%        3d10      4%          3

Your spell library contained the following spells:

 Spells                   Type           Power      Damage    Failure   Level
 Beastly Appendage        Tmut           14%        N/A       9%          1
 Inner Flame              Hex/Fire       19%        N/A       9%          3
 Wereblood                Tmut           7%         N/A       13%         2
 Spider Form              Tmut/Pois      13%        N/A       14%         3
 Animate Armour           Summ/Erth      26%        N/A       43%         4
 Corpse Rot               Necr/Pois/Air  11%        N/A       50%         4
 Lehudib's Crystal Spear  Conj/Erth      13%        10d4      100%        8


Dungeon Overview and Level Annotations

Branches:
Dungeon (5/15)             Temple (1/1) D:4

Altars:
Cheibriados
Dithmenos
Elyvilon
Fedhas
Hepliaklqana
Kikubaaqudgha
Nemelex Xobeh
Qazlal
Sif Muna
Trog
Uskayaw
Vehumet
Wu Jian
Yredelemnul
Zin
The Shining One

Annotations:
D:4 Edmund


Message History

A two-headed ogre is nearby!
Casting: Foxfire (safe; 1% risk of failure)
Confirm with . or Enter, or press ? or * to list all spells.
You conjure some foxfire!
The two-headed ogre shouts in stereo!
The foxfire hits the two-headed ogre!
The two-headed ogre is lightly wounded.
Press: ? - help, v - describe, . - travel
Here: a two-headed ogre, wielding two +0 giant clubs (lightly wounded, ally target)
The floor.
Casting: Foxfire (safe; 1% risk of failure)
Confirm with . or Enter, or press ? or * to list all spells.
You conjure some foxfire!
The foxfire hits the two-headed ogre.
The two-headed ogre is moderately wounded.
The foxfire hits the two-headed ogre.
The two-headed ogre is moderately wounded.
The foxfire hits the two-headed ogre.
The two-headed ogre is heavily wounded.
Casting: Foxfire (safe; 1% risk of failure)
Confirm with . or Enter, or press ? or * to list all spells.
Flames lash the two-headed ogre.
The two-headed ogre is heavily wounded.
The two-headed ogre's fire resistance burns away.
Casting: Scorch (safe; 1% risk of failure)
Confirm with . or Enter, or press ? or * to list all spells.
You conjure some foxfire!
The two-headed ogre hits you with a +0 giant club!!
Ouch! That really hurt!
The two-headed ogre closely misses you.
The foxfire hits the two-headed ogre.
The two-headed ogre is burned terribly!
The two-headed ogre is severely wounded.
The foxfire hits the two-headed ogre.
The two-headed ogre is burned terribly!
The two-headed ogre is severely wounded.
Unknown command.
Casting: Foxfire (safe; 1% risk of failure)
Confirm with . or Enter, or press ? or * to list all spells.
You conjure some foxfire!
The two-headed ogre hits you with a +0 giant club!!
Ouch! That really hurt!
You die...

..# #.#### #)...# #..####
..####.# #....# #..# .......#
######..##########..#
######.###...##.....##...###.#
#.##.....##...##.....##.#
######.#.......#...#.......#.#
.......#.......'...'.......#.#
.....#.#.......#§v.#.......#.#
.....#.##.....##@v.##.....##.####
.(...#.###...###O..###...###.....
.......# ##### #...# ##### #.####
.......###...###...# #.#
.......##.....##...# #.#
.......#.......#...# #.#
.......#.......'...+ #.#
......##.......#...# #.#
......###.....##...# #.#


You could see a two-headed ogre (combustible, ally target).

Vanquished Creatures
  Sigmund (D:2)
  An ogre (D:5)
  2 phantoms
  2 necrophages (D:5)
  2 hounds (D:5)
  An orc priest (D:3)
  A jelly (D:5)
  4 iguanas
  Jessica (D:2)
  Natasha (twice) (D:2)
  2 orc wizards
  3 adders
  An ufetubus (D:5)
  14 orcs
  6 ball pythons
  5 bats
  2 endoplasms (D:1)
  5 giant cockroaches
  6 goblins
  6 hobgoblins
  5 jackals
  5 kobolds
  4 quokkas
  4 frilled lizards
  6 rats
91 creatures vanquished.

Vanquished Creatures (others)
  An adder (D:4)
  414 foxfires
415 creatures vanquished.

Grand Total: 506 creatures vanquished

Notes
Turn   | Place    | Note
-------+----------+-------------------------------------------
     0 | D:1      | bnorton916 the Deep Elf Fire Elementalist began the quest
                  | for the Orb.
     0 | D:1      | Reached XP level 1. HP: 10/10 MP: 6/6
    52 | D:1      | Found a faded altar of an unknown god.
   308 | D:1      | Reached XP level 2. HP: 15/15 MP: 5/8
  1512 | D:2      | Reached XP level 3. HP: 19/19 MP: 7/10
  1904 | D:2      | Noticed Sigmund
  1912 | D:2      | Killed Sigmund
  1913 | D:2      | Reached skill level 5 in Spellcasting
  1913 | D:2      | Reached XP level 4. HP: 19/24 MP: 7/13
  1913 | D:2      | Reached XP level 5. HP: 22/28 MP: 7/14
  2025 | D:2      | Noticed Jessica
  2029 | D:2      | Killed Jessica
  2332 | D:2      | Noticed Natasha
  2349 | D:2      | Killed Natasha
  2350 | D:2      | Reached skill level 5 in Fire Magic
  2378 | D:2      | Learned a level 2 spell: Scorch
  2381 | D:2      | Learned a level 2 spell: Poisonous Vapours
  2386 | D:2      | Learned a level 4 spell: Flame Wave
  2475 | D:2      | Noticed Natasha
  2479 | D:2      | Killed Natasha
  2480 | D:2      | Reached XP level 6. HP: 24/32 MP: 12/16
  2921 | D:3      | Found a hide-covered altar of Uskayaw.
  3142 | D:3      | Found a glowing silver altar of Zin.
  3185 | D:3      | Reached skill level 1 in Poison Magic
  4213 | D:4      | Found a staircase to the Ecumenical Temple.
  4219 | Temple   | Entered the Ecumenical Temple
  4491 | Temple   | Became a worshipper of Vehumet
  4626 | D:4      | Reached skill level 6 in Spellcasting
  4732 | D:4      | Noticed Edmund
  5267 | D:5      | Entered Level 5 of the Dungeon
  5282 | D:5      | Reached XP level 7. HP: 36/36 MP: 11/18
  5451 | D:5      | Noticed a two-headed ogre
  5569 | D:5      | Learned a level 3 spell: Conjure Flame
  5573 | D:5      | Learned a level 3 spell: Stone Arrow
  6182 | D:5      | Reached skill level 5 in Conjurations
  6182 | D:5      | Reached skill level 1 in Earth Magic
  7247 | D:5      | Mangled by a two-headed ogre

Illustrated notes

Levels and vault maps discovered:
D:1:      lightli_arrival_boilingwater, layout_loops_cross,
          hellmonk_ecumenical_altar_crossroads, minmay_pentomino_x4
D:2:      minmay_spotlight, layout_rooms, glass_columns_a, uniq_natasha,
          uniq_jessica, uniq_sigmund
D:3:      layout_loops_ring, mainiacjoe_overflow_paths,
          mainiacjoe_overflow_brackets
D:4:      layout_cave_pools, minmay_temple_entry_hall, serial_glass,
          glass_columns_c, glass_columns_a, minmay_hedge_maze,
          lemuel_flame_loot_1, uniq_edmund
D:5:      kennysheep_six_static_rooms, layout_basic,
          ebering_dispersal_statue_hall, hangedman_abyss_or_decor_lesser_grid,
          nicolae_kite_square_tiling_tiny
Temple:   minmay_temple_curvy_branch

Skill      XL: |  1  2  3  4  5  6  7 |
---------------+----------------------+-----
Conjurations   | 2 3 4 5 |  5.9
Spellcasting   | 5 6 |  6.3
Fire Magic     | 4 5 |  5.7
Poison Magic   | 1 3 |  3.0
Earth Magic    | 2 |  2.9
Dodging        | |  2.4
Stealth        | |  2.4

Action                   |  1- 3 |  4- 6 |  7- 9 || total
-------------------------+-------+-------+-------++-------
 Cast: Foxfire           |    89 |   114 |    53 ||   256
       Scorch            |       |    10 |    14 ||    24
       Poisonous Vapours |       |       |     3 ||     3
       Conjure Flame     |       |       |     1 ||     1
  Use: Scroll            |       |     7 |     3 ||    10
Armor: Robe              |     3 |     8 |     2 ||    13
Dodge: Dodged            |     6 |    16 |    17 ||    39
